[Event "Czech Extraliga 2023-24"]
[Site "Czech Republic"]
[Date "2024.04.06"]
[Round "9.7"]
[White "Pachmann, Ales"]
[Black "Kriebel, Tadeas"]
[Result "0-1"]
[ECO "C68"]
[WhiteElo "2306"]
[BlackElo "2512"]
[Annotator "TA"]
[PlyCount "136"]
[EventDate "2023.10.14"]
[EventCountry "CZE"]
[SourceTitle "playchess.com"]
[Source "ChessBase"]
[SourceQuality "1"]
[TimeControl "40/5400+30:1800+30"]

1. e4 e5 2. Nf3 Nc6 3. Bb5 a6 4. Bxc6 dxc6 5. O-O Bg4 6. h3 Bh5 7. Na3 f6 8. Nc4 Qd7 9. b3 Bf7 10. d4 exd4 11. Qxd4 Qxd4 12. Nxd4 O-O-O 13. Bb2 Nh6 14. Ne3 Bc5 15. Rad1 Rhe8 16. f3 Rd7 17. Kf2 Red8 18. c3 a5 19. Ke2 a4 20. bxa4 Bxa2 21. Ra1 Bg8 22. Rfd1 Bf8 23. a5 c5 24. Nb5 Rxd1 25. Rxd1 Rxd1 26. Kxd1 Nf7 27. c4 c6 28. Nc3 Ne5 29. Na4 Nd7 (29... Nxc4 $2 $18) 30. Ba3 Kb8 31. Nb6 Be6 32. Nxd7+ Bxd7 33. Nf1 Be6 34. Nd2 Bd6 35. Kc2 Bc7 36. Bxc5 Bxa5 37. Bf8 g6 38. c5 Kc8 39. f4 Kd7 40. Nf3 (40. g4 $11 {might be stronger.}) 40... Bc7 41. e5 (41. Bg7 $15) 41... Bd5 $17 42. Bg7 $2 {[%emt 0:00:00][%mdl 8192] [#]} (42. Kd3 $17) 42... Bxf3 $1 $19 43. gxf3 fxe5 44. fxe5 Ke6 45. f4 Kd5 46. Kd3 Ba5 $2 (46... Kxc5 47. e6 Kd6 (47... Bxf4 $2 48. e7 $18) (47... Bd6 48. Bf6 $16) 48. Be5+ Kxe6 49. Bxc7 $16) (46... Bd8 47. Bf8 Ba5) 47. Bf8 $2 (47. e6 {was the crucial defense.} Kxe6 48. Ke4) 47... Bb4 $19 48. h4 h5 (48... Bxc5 49. Bxc5 Kxc5 50. Ke4 $15) 49. Be7 Ba3 $2 ({Stronger than} 49... Bxc5 50. Bxc5 Kxc5 51. Ke4 $11) (49... Be1 50. Ke2 Ba5 (50... Bb4 $2 51. Kd3 $19)) 50. Bd6 $2 {[%emt 0:00:00] [#]} (50. Kc2) 50... Bc1 $2 (50... Bxc5 51. Bxc5 Kxc5 52. Ke4 $11) (50... Ke6 $1 $19 {...Bb4 is the strong threat.} 51. Ke2 Bb4 (51... Kd5 $2 52. Bf8 $19)) 51. Bc7 $1 $11 Bb2 (51... Bxf4 $2 {too greedy.} 52. e6 $18) (51... Ke6 $5 52. Ke4 $8 Bd2 $11) 52. Bd6 Ba3 53. Ke3 $2 (53. Bf8 $11 Bb4 (53... Bxc5 54. Bxc5 Kxc5 55. Ke4 $11) 54. Be7) 53... Bb4 $19 (53... Bxc5+ 54. Bxc5 Kxc5 55. f5 gxf5 56. Kf4 $17) 54. Kf3 Be1 ({Not} 54... Bxc5 55. Bxc5 Kxc5 56. f5 gxf5 57. Kf4 $11) 55. Be7 Ke6 56. Ke2 Ba5 57. Bf8 Bd8 58. Kf3 Bxh4 (58... Kf7 $142 59. Bd6 Bxh4) 59. Bd6 Kf5 60. Bf8 Be1 61. Be7 Ke6 62. Bd8 Bb4 63. Bb6 Kf5 64. Kg3 Bd2 65. Kf3 Bxf4 66. e6 Bg5 $1 67. Bc7 Kxe6 68. Ke4 Be7 0-1

[Event "Czech Extraliga 2023-24"]
[Site "Czech Republic"]
[Date "2024.04.06"]
[Round "9.7"]
[White "Sorm, Daniel"]
[Black "Pulpan, Jakub"]
[Result "0-1"]
[ECO "D05"]
[WhiteElo "2273"]
[BlackElo "2378"]
[Annotator "RC"]
[PlyCount "50"]
[EventDate "2023.10.14"]
[EventCountry "CZE"]
[SourceTitle "playchess.com"]
[Source "ChessBase"]
[SourceQuality "1"]
[TimeControl "40/5400+30:1800+30"]

1. d4 Nf6 2. Nf3 e6 3. e3 b6 4. Bd3 Bb7 5. O-O d5 6. Nbd2 c5 7. b3 Bd6 8. Bb2 Qc7 9. Ne5 Nc6 10. f4 a6 11. a3 b5 12. dxc5 Bxc5 13. Qe2 d4 14. Nxc6 dxe3 15. Ne4 Nxe4 16. Bxe4 Bxc6 17. Bxc6+ Qxc6 18. Bxg7 Rg8 19. Bf6 Rg6 20. Bh4 Qe4 21. c4 bxc4 22. Rac1 Rxg2+ 23. Qxg2 e2+ 24. Bf2 Qxg2+ 25. Kxg2 exf1=Q+ 0-1

[Event "Czech Extraliga 2023-24"]
[Site "Czech Republic"]
[Date "2024.04.06"]
[Round "9.8"]
[White "Cerveny, Martin"]
[Black "Liska, Jiri"]
[Result "1-0"]
[ECO "D91"]
[WhiteElo "2367"]
[BlackElo "2271"]
[Annotator "RC"]
[PlyCount "71"]
[EventDate "2023.10.14"]
[EventCountry "CZE"]
[SourceTitle "playchess.com"]
[Source "ChessBase"]
[SourceQuality "1"]
[TimeControl "40/5400+30:1800+30"]

1. d4 Nf6 2. c4 g6 3. Nc3 d5 4. Nf3 Bg7 5. Bg5 Ne4 6. cxd5 Nxg5 7. Nxg5 c6 8. h4 cxd5 9. Qb3 O-O 10. e3 Nc6 11. f4 f6 12. Nf3 e5 13. h5 exd4 14. Qxd5+ Qxd5 15. Nxd5 Rd8 16. Nc7 Rb8 17. Bc4+ Kf8 18. hxg6 hxg6 19. Nh4 Ne7 20. e4 b5 21. Bb3 a5 22. Rc1 d3 23. Kd2 a4 24. Be6 Bb7 25. Bd5 Bxd5 26. Nxd5 Nxd5 27. exd5 Rb7 28. Rc5 Kf7 29. f5 g5 30. Ng6 Rbd7 31. Re1 g4 32. Re4 Bh6+ 33. Kd1 d2 34. d6 Rxd6 35. Re7+ Kg8 36. Rcc7 1-0

[Event "Czech Extraliga 2023-24"]
[Site "Czech Republic"]
[Date "2024.04.06"]
[Round "9.8"]
[White "Malik, Jan"]
[Black "Rabatin, Jakub"]
[Result "1/2-1/2"]
[ECO "B12"]
[WhiteElo "2260"]
[BlackElo "2293"]
[Annotator "RC"]
[PlyCount "96"]
[EventDate "2023.10.14"]
[EventCountry "CZE"]
[SourceTitle "playchess.com"]
[Source "ChessBase"]
[SourceQuality "1"]
[TimeControl "40/5400+30:1800+30"]

1. e4 c6 2. d4 d5 3. e5 Bf5 4. Nf3 e6 5. Be2 c5 6. Be3 cxd4 7. Nxd4 Ne7 8. O-O Nbc6 9. c4 Nxd4 10. Bxd4 dxc4 11. Qa4+ Nc6 12. Rd1 Bd3 13. Bxd3 cxd3 14. Be3 Be7 15. Qg4 g6 16. Qe4 Qa5 17. Nc3 Qxe5 18. Qxe5 Nxe5 19. Bd4 Bf6 20. Ne4 Nf3+ 21. gxf3 Bxd4 22. Rxd3 Be5 23. Rad1 O-O 24. Rd7 b6 25. b3 h6 26. Rb7 f5 27. Ng3 Rf7 28. Rdd7 Rxd7 29. Rxd7 a5 30. Re7 Bd4 31. Rxe6 Kf7 32. Rc6 Re8 33. Kf1 Bc5 34. Rc7+ Kf6 35. Ne2 Rd8 36. Rc6+ Kf7 37. Rc7+ Kf6 38. Rc6+ Rd6 39. Rxd6+ Bxd6 40. f4 Ke6 41. Ke1 Kd5 42. f3 Bb4+ 43. Kd1 Bc5 44. Kd2 Bf2 45. Kd3 Be1 46. Nc1 Bb4 47. Ne2 Bd6 48. h3 b5 1/2-1/2

[Event "Czech Extraliga 2023-24"]
[Site "Czech Republic"]
[Date "2024.04.06"]
[Round "9.8"]
[White "Michalek, Jan"]
[Black "Vavra, Pavel"]
[Result "0-1"]
[ECO "B40"]
[WhiteElo "2247"]
[BlackElo "2310"]
[Annotator "RC"]
[PlyCount "56"]
[EventDate "2023.10.14"]
[EventCountry "CZE"]
[SourceTitle "playchess.com"]
[Source "ChessBase"]
[SourceQuality "1"]
[TimeControl "40/5400+30:1800+30"]

1. e4 c5 2. Nf3 e6 3. c4 Nc6 4. Nc3 e5 5. d3 d6 6. Be2 f5 7. Nd5 Nf6 8. Bg5 Be7 9. Bxf6 Bxf6 10. h3 O-O 11. a3 Be6 12. Rb1 Rb8 13. O-O b5 14. cxb5 Bxd5 15. exd5 Ne7 16. a4 Kh8 17. b4 Nxd5 18. bxc5 Nc3 19. Qc2 Nxb1 20. Rxb1 dxc5 21. Qxc5 e4 22. Ne1 Bd4 23. Qb4 Qb6 24. Kh1 Bxf2 25. dxe4 fxe4 26. Qxe4 Rbe8 27. Qc4 Qe3 28. Bh5 Re4 0-1

[Event "Czech Extraliga 2023-24"]
[Site "Czech Republic"]
[Date "2024.04.06"]
[Round "10.1"]
[White "Gelfand, Boris"]
[Black "Harikrishna, Pentala"]
[Result "1/2-1/2"]
[ECO "E05"]
[WhiteElo "2661"]
[BlackElo "2701"]
[Annotator "RC"]
[PlyCount "166"]
[EventDate "2023.10.14"]
[EventCountry "CZE"]
[SourceTitle "playchess.com"]
[Source "ChessBase"]
[SourceQuality "1"]
[TimeControl "40/5400+30:1800+30"]

1. d4 Nf6 2. c4 e6 3. g3 d5 4. Bg2 Be7 5. Nf3 O-O 6. O-O dxc4 7. Qc2 a6 8. a4 Bd7 9. Qxc4 Bc6 10. Bg5 Nbd7 11. Nc3 a5 12. Rfd1 h6 13. Bxf6 Nxf6 14. Ne5 Bxg2 15. Kxg2 c6 16. e3 Nd7 17. Nf3 Bb4 18. Na2 Bd6 19. Nc1 Qc7 20. Nd3 e5 21. dxe5 Nxe5 22. Nfxe5 Bxe5 23. Nxe5 Qxe5 24. Rd4 Rad8 25. Rad1 Qc7 26. Qb3 Rxd4 27. Rxd4 Re8 28. Qd3 Qe5 29. h4 h5 30. b3 g6 31. Qd2 Kg7 32. Kh2 Qe6 33. Qd3 Qe5 34. Rd7 b5 35. axb5 cxb5 36. Rd5 Qb2 37. Kg2 a4 38. Rxb5 a3 39. Ra5 Re6 40. Qd1 Rf6 41. Qe1 Qxb3 42. Qa1 Qb7+ 43. e4 Qxe4+ 44. Kh2 Qf3 45. Rxa3 Qxf2+ 46. Kh3 Kh7 47. Ra8 Qb6 48. Ra2 Qe6+ 49. Kh2 Qd6 50. Qc3 Qb6 51. Qb2 Qc6 52. Ra8 Qf3 53. Ra2 Rf5 54. Qe2 Qd5 55. Rd2 Qc6 56. Rc2 Qf6 57. Kg2 Qb6 58. Kh2 Qd6 59. Rd2 Qf6 60. Kg2 Kg7 61. Qe4 Qa6 62. Rf2 Rxf2+ 63. Kxf2 Qe6 64. Qb4 Qf5+ 65. Kg2 Qc2+ 66. Kg1 Qd1+ 67. Kf2 Qd3 68. Qb2+ Kh7 69. Kg2 g5 70. hxg5 Qd5+ 71. Kh2 Qxg5 72. Qd4 Qf5 73. Qd8 Qe5 74. Kg2 Kg7 75. Qd2 Kg6 76. Qc2+ Qf5 77. Qd2 Qe4+ 78. Kh2 h4 79. Qd6+ Kh5 80. gxh4 Qxh4+ 81. Kg2 Qe4+ 82. Kf2 Qf5+ 83. Kg3 Qg6+ 1/2-1/2

[Event "Czech Extraliga 2023-24"]
[Site "Czech Republic"]
[Date "2024.04.06"]
[Round "10.1"]
[White "Gumularz, Szymon"]
[Black "Nabaty, Tamir"]
[Result "1-0"]
[ECO "A11"]
[WhiteElo "2591"]
[BlackElo "2643"]
[Annotator "TA"]
[PlyCount "105"]
[EventDate "2023.10.14"]
[EventCountry "CZE"]
[SourceTitle "playchess.com"]
[Source "ChessBase"]
[SourceQuality "1"]
[TimeControl "40/5400+30:1800+30"]

1. c4 c6 2. Nf3 d5 3. e3 Bg4 4. h3 Bxf3 5. Qxf3 e5 6. cxd5 cxd5 7. Bb5+ Nc6 8. Qg3 {[%emt 0:00:26] The position is equal.} Qd6 9. b3 g6 10. Bb2 Bg7 11. Bxc6+ bxc6 12. d4 f6 13. O-O Nh6 {[%emt 0:00:54] [#]} 14. e4 $1 dxe4 {[%emt 0:18:07] aiming for ...Nf5.} (14... Qe6 15. dxe5) 15. dxe5 fxe5 16. Qe3 Qd3 (16... Nf5 $142 17. Qxe4 Qd5) 17. Qc5 $1 $16 Qb5 18. Rc1 (18. Qd6 $142 Qd5 19. Qa3) 18... Rd8 19. Qxa7 (19. Qxc6+ Qxc6 20. Rxc6 Rd1+ 21. Kh2 O-O $11) 19... O-O 20. Na3 (20. Nc3 $16 Qd3 21. Re1) 20... Qd5 $11 21. Qb6 (21. Rc5 {feels hotter.} Qd2 22. Rc2 Qf4 23. Rf1) 21... Nf5 {[%emt 0:10:40][%cal Oe4e3] ...e3! would now be deadly.} 22. Qxc6 e3 (22... Qxc6 $11 23. Rxc6 e3 24. fxe3 Nxe3) 23. Qxd5+ Rxd5 24. fxe3 {[%emt 0:04:34] Hoping for e4.} Nxe3 25. Nc4 $36 {[%emt 0:00:15][%mdl 2048] Prevents Rd2. White has the initiative.} Bh6 26. Re1 (26. Nxe5 $2 Rd2 27. Nc4 Nxc4 $19 (27... Rxg2+ 28. Kh1 $15)) 26... Nxc4 27. bxc4 Rd3 28. Bxe5 (28. Rxe5 Rd2 29. Rb5 Rff2 30. Rb8+ Rf8 $14 (30... Bf8 31. Be5 $11)) 28... Be3+ 29. Kh1 Rc8 30. Rab1 Rxc4 31. Rb8+ Kf7 {[%emt 0:00:02] [#]} 32. Rb3 $1 Rxb3 33. axb3 Rc1 34. Rxc1 Bxc1 $18 {[%emt 0:00:04][%mdl 4096] Endgame. KB-KB} 35. Kg1 Ke6 36. Bc3 Kd5 37. Kf1 Ke4 38. Ke2 Bf4 39. b4 (39. Bb4 $18) 39... Bd6 $16 40. Be1 {[%emt 0:00:40] Black must now prevent b5.} Kd4 41. Kf3 h6 $2 {[%emt 0:12:41][%mdl 8192] Loses the game.} (41... Kc4 $16) 42. b5 Kc5 43. Bg3 Be7 {[%emt 0:05:32] [#]} 44. Ke4 $1 {[%emt 0:00:00][%cal Ob5b6] White threatens b6! and mate.} Kxb5 45. Kd5 {[%emt 0:00:00] White mates.} Bg5 46. Bd6 Bd2 47. Bf8 h5 48. Ke6 Bc3 49. Kf7 g5 50. Kg6 g4 51. h4 ({And not} 51. Kxh5 gxh3 52. gxh3 Kc6 $11) 51... Kc6 52. Kxh5 g3 53. Kg6 {[%emt 0:00:00] Weighted Error Value: White=0.09 (flawless) /Black=0.36.  Loses game:     	---       	Black=1      Mistake:       	White=3     	Black=2      Inaccurate:     	---       	Black=4      OK:         	White=16    	Black=11     Best:        	White=5     	Black=3      Strong:       	White=1     	---} 1-0

[Event "Czech Extraliga 2023-24"]
[Site "Czech Republic"]
[Date "2024.04.06"]
[Round "10.1"]
[White "Pechac, Jergus"]
[Black "Sahidi, Samir"]
[Result "1-0"]
[ECO "C54"]
[WhiteElo "2586"]
[BlackElo "2478"]
[Annotator "TA"]
[PlyCount "107"]
[EventDate "2023.10.14"]
[EventCountry "CZE"]
[SourceTitle "playchess.com"]
[Source "ChessBase"]
[SourceQuality "1"]
[TimeControl "40/5400+30:1800+30"]

1. e4 e5 2. Nf3 Nc6 3. Bc4 Nf6 4. d3 Bc5 5. c3 d6 6. O-O a6 7. a4 {[%emt 0:01:00] C54: Giuoco Piano: 4 c3 Nf6, main lines with 5 d4 and 5 d3.} Ba7 8. Re1 $1 {[%emt 0:00:20] 8.Re1 is better than 8.Nbd2.} h6 9. Nbd2 O-O 10. h3 Be6 11. Bxe6 fxe6 12. b4 Qe8 13. Nf1 Nh5 14. Ra2 b5 15. Kh1 $5 $146 {[%emt 0:02:59][%mdl 8] An interesting novelty.} ({Predecessor:} 15. Be3 Nf4 16. Bxf4 Rxf4 17. g3 Rf8 18. Kg2 Qf7 19. N1h2 Bb6 20. Qe2 Rad8 21. axb5 axb5 {½-½ Nihal,S (2694)-Heimann,A (2552) EU-Cup 38th Durres 2023 (3.1)}) 15... Qg6 16. N1h2 Rad8 17. Ng4 Nf4 18. Bxf4 Rxf4 19. g3 Rff8 20. Kg2 Bb6 21. Qe2 Qe8 22. Rb1 Rb8 23. Qd1 Qf7 24. Rc1 Rb7 25. Ngh2 Rbb8 26. Qd2 Qd7 27. d4 (27. a5 $5 Ba7 $8 28. d4 $11) 27... exd4 28. a5 Ba7 29. cxd4 (29. Nxd4 Ne5 30. Rf1 c5 $15) 29... Ne7 30. Rac2 c6 31. Nh4 Rbd8 32. f4 e5 33. d5 exf4 $1 34. gxf4 ({Reject} 34. dxc6 Qe6 35. Qd3 d5 $15) 34... c5 35. f5 Rc8 36. bxc5 $1 Rxc5 37. Rxc5 dxc5 $2 (37... Bxc5 $11 {and Black has nothing to worry.} 38. Ng4 h5) 38. Ng4 $2 ({White should try} 38. d6 $18) 38... Nc6 $2 (38... Bb8 $14) 39. Ng6 $18 Re8 40. Qxh6 gxh6 41. Nf6+ (41. dxc6 $2 {perishes.} Qd2+ (41... Qxc6 $2 42. Re1 $19) 42. Kf3 Qxc1 $19 (42... Qd3+ $2 43. Kg2 $19)) 41... Kg7 42. Nxd7 Nd8 43. Ne7 ({Not} 43. Nxc5 Bxc5 44. Rxc5 Rxe4 $18) 43... c4 44. f6+ Kf7 45. Nf5 Kg6 46. Ne7+ Kf7 47. Nc8 Bb8 48. Kf3 Nc6 49. dxc6 Rxc8 50. e5 Bc7 51. Rg1 Bxa5 52. Rg7+ Ke6 53. Ke4 Bb4 54. Nb6 1-0

[Event "Czech Extraliga 2023-24"]
[Site "Czech Republic"]
[Date "2024.04.06"]
[Round "10.1"]
[White "Warakomski, Tomasz"]
[Black "Rodshtein, Maxim"]
[Result "0-1"]
[ECO "C54"]
[WhiteElo "2539"]
[BlackElo "2588"]
[Annotator "TA"]
[PlyCount "82"]
[EventDate "2023.10.14"]
[EventCountry "CZE"]
[SourceTitle "playchess.com"]
[Source "ChessBase"]
[SourceQuality "1"]
[TimeControl "40/5400+30:1800+30"]

1. e4 e5 2. Nf3 Nc6 3. Bc4 Bc5 4. O-O Nf6 5. d3 d6 6. c3 a5 7. Nbd2 O-O 8. h3 Be6 {[%emt 0:05:02] The position is equal.} 9. a4 Re8 10. Re1 Bxc4 11. dxc4 Nh5 12. Nf1 Qf6 13. Ne3 Bxe3 14. Bxe3 Nf4 15. g3 Ne6 16. Nh4 Ne7 17. Qg4 g6 18. Rad1 b6 19. f4 h5 20. fxe5 Qxe5 21. Qf3 Nc6 22. Nf5 $1 gxf5 23. exf5 Ng7 {[%emt 0:00:03] And now ...Qe4 would win.} 24. f6 {[%emt 0:02:50] [#]} (24. Bf2 $11 {was the only way to keep the balance.} Qxf5 25. Qxc6) 24... Qe4 $1 $17 (24... Nf5 $2 25. Bf2 Qxf6 26. Qxc6 $16) 25. Qxe4 Rxe4 26. fxg7 Ne5 $36 {[%emt 0:03:14][%mdl 2048] Black is in control.} 27. Kg2 {[%emt 0:01:22] Against Nf3} Nxc4 (27... Rxc4 $6 28. Bd4 $11) (27... Kxg7 $2 28. Bh6+ Kxh6 29. Rxe4 $18) 28. Bg5 Rxe1 (28... Nxb2 $2 29. Rxe4 Nxd1 30. Bf6 $18) 29. Rxe1 Kxg7 {[%emt 0:00:04][%mdl 4096] Endgame. KRB-KRN} 30. b3 {[%emt 0:06:46] [#]} Ne5 31. Rf1 Kg6 32. h4 Nd7 {[%emt 0:05:38] Wards off Rf6+} 33. Re1 Nc5 34. Re7 Rc8 (34... Nxb3 35. Rxc7 Nc5 36. Rc6 $15) 35. Kf3 Ne6 36. Be3 Kf6 37. Rd7 Rg8 (37... Nc5 $19 38. Bg5+ (38. Bxc5 $2 bxc5 39. g4 hxg4+ 40. Kxg4 Ke6 $19) 38... Kg7) 38. c4 (38. Bd4+ $1 $15 Nxd4+ 39. cxd4) 38... Rg4 (38... Kg7 $19 {aiming for ...Kf8.} 39. Bf4 Rh8) 39. Bf2 $2 (39. Bg5+ $17 {is more resistant.} Kg7 (39... Nxg5+ 40. hxg5+ Kxg5 41. Rxc7 $11) 40. Bd8) 39... Kg7 $19 {[%emt 0:00:19] Black is clearly winning.} 40. Be3 Kf8 {[%emt 0:00:14] Strongly threatening ...Ke8.} 41. Bg5 (41. Bxb6 $142 cxb6 42. Rxd6) 41... Rxg5 {[%emt 0:30:23] Weighted Error Value: White=0.46/Black=0.07 (flawless) .  Loses game:     	White=1     	---        Mistake:       	White=3     	Black=2      Inaccurate:     	White=2     	---        OK:         	White=12    	Black=17     Best:        	White=1     	Black=3      Strong:       	White=1     	Black=1} (41... Nxg5+ 42. hxg5 Rd4 (42... Rxg5 43. Rxc7 d5 44. c5 $14) 43. Ke2 $15 (43. Rxc7 Rd3+ 44. Kf4 Kg7 $17)) 0-1

[Event "Czech Extraliga 2023-24"]
[Site "Czech Republic"]
[Date "2024.04.06"]
[Round "10.1"]
[White "Stocek, Jiri"]
[Black "Teclaf, Pawel"]
[Result "1/2-1/2"]
[ECO "E55"]
[WhiteElo "2531"]
[BlackElo "2563"]
[Annotator "TA"]
[PlyCount "65"]
[EventDate "2023.10.14"]
[EventCountry "CZE"]
[SourceTitle "playchess.com"]
[Source "ChessBase"]
[SourceQuality "1"]
[TimeControl "40/5400+30:1800+30"]

1. d4 Nf6 2. c4 e6 3. Nc3 Bb4 4. e3 O-O 5. Bd3 d5 6. Nf3 dxc4 7. Bxc4 c5 8. O-O Nbd7 9. a3 Bxc3 10. bxc3 b6 11. Re1 Bb7 12. Bb2 Qc7 {[%emt 0:05:06] [#] White must now prevent ...cxd4.} 13. Nd2 e5 14. e4 cxd4 15. cxd4 exd4 16. Bxd4 (16. Rc1 $14 Ne5 17. Bf1 (17. Bxd4 Qd6 $11)) 16... Qd6 17. Bc3 Nc5 18. f3 {[%emt 0:15:19] [#] e5 is the strong threat.} (18. e5 $5 Qc6 $8 19. Bf1 $11 (19. exf6 $2 Qxg2#)) 18... b5 19. Bf1 {[%emt 0:09:25][%cal Oe4e5] This pair of bishops is nice.} ({Inferior is} 19. Bxb5 Qb6 20. Bd4 Qxb5 $19) 19... Rfd8 {[%emt 0:06:46] Strongly threatening ...Nd3.} 20. Qe2 (20. Bxb5 $2 {is the wrong capture.} Qb6 21. Kh1 Qxb5 $19) 20... Nd3 21. Qxd3 Qxd3 22. Bxd3 Rxd3 23. Rec1 Rc8 (23... Nh5 $11) 24. Bb4 $14 Nd7 25. Rxc8+ Bxc8 26. Rc1 Nb6 27. Rc5 Ba6 28. Kf2 f6 29. Rc7 (29. h4 $16) 29... Rd7 {[%emt 0:00:03] White is slightly better.} 30. Rxd7 Nxd7 31. Nb3 Bb7 32. Ke3 a6 33. Nc5 {[%emt 0:04:48] Weighted Error Value: White=0.11 (very precise) /Black=0.16 (very precise) .  Mistake:       	White=2     	Black=1      Inaccurate:     	White=3     	Black=2      OK:         	White=10    	Black=5      Best:        	White=2     	Black=1} 1/2-1/2

[Event "Czech Extraliga 2023-24"]
[Site "Czech Republic"]
[Date "2024.04.06"]
[Round "10.1"]
[White "Haring, Filip"]
[Black "Korobov, Anton"]
[Result "0-1"]
[ECO "B51"]
[WhiteElo "2463"]
[BlackElo "2651"]
[Annotator "RC"]
[PlyCount "96"]
[EventDate "2023.10.14"]
[EventCountry "CZE"]
[SourceTitle "playchess.com"]
[Source "ChessBase"]
[SourceQuality "1"]
[TimeControl "40/5400+30:1800+30"]

1. e4 c5 2. Nf3 d6 3. Bb5+ Nd7 4. c3 Ngf6 5. Qe2 a6 6. Ba4 e6 7. O-O Be7 8. d4 b5 9. Bc2 Bb7 10. Re1 cxd4 11. cxd4 O-O 12. a4 Qb6 13. Bd3 Rfc8 14. Bf4 bxa4 15. Rxa4 d5 16. e5 Ne4 17. Ra1 a5 18. Nbd2 Nxd2 19. Bxd2 a4 20. h4 Ba6 21. h5 Bc4 22. Bxc4 dxc4 23. Qe4 Qd8 24. Qg4 Nb6 25. Ng5 Nd5 26. Ne4 Rcb8 27. Ra2 Rb3 28. Rc1 a3 29. bxa3 Rc8 30. Nc5 Bxc5 31. dxc5 c3 32. Bg5 Qf8 33. h6 Rxc5 34. hxg7 Qxg7 35. Qh4 Rc8 36. Re2 Kh8 37. Rd1 Qg6 38. Rxd5 exd5 39. Bf6+ Kg8 40. Re3 c2 41. Rxb3 c1=Q+ 42. Kh2 Qch6 43. Rg3 Qxh4+ 44. Bxh4 d4 45. Rxg6+ fxg6 46. Kg3 Rc1 47. Kf4 Re1 48. f3 Re2 0-1

[Event "Czech Extraliga 2023-24"]
[Site "Czech Republic"]
[Date "2024.04.06"]
[Round "10.2"]
[White "Samunenkov, Ihor"]
[Black "Gonda, Laszlo"]
[Result "0-1"]
[ECO "E08"]
[WhiteElo "2548"]
[BlackElo "2480"]
[Annotator "RC"]
[PlyCount "68"]
[EventDate "2023.10.14"]
[EventCountry "CZE"]
[SourceTitle "playchess.com"]
[Source "ChessBase"]
[SourceQuality "1"]
[TimeControl "40/5400+30:1800+30"]

1. d4 Nf6 2. c4 e6 3. g3 Bb4+ 4. Bd2 Be7 5. Bg2 d5 6. Nf3 Nbd7 7. O-O O-O 8. Qc2 c6 9. Bf4 b6 10. cxd5 cxd5 11. Rc1 Bb7 12. Bc7 Qe8 13. Qb3 Rc8 14. Na3 Ne4 15. Nb5 a6 16. Na7 Ra8 17. Nc6 Bxc6 18. Rxc6 Ndc5 19. Qxb6 Na4 20. Qb7 Ra7 21. Qxa7 Qxc6 22. Bf4 Bf6 23. Rc1 Qb5 24. Bf1 Nxb2 25. Rc7 Nc4 26. Rb7 Qa5 27. Rb8 g5 28. Bc7 Qxa2 29. Ne5 Bxe5 30. Bxe5 Nxe5 31. dxe5 Qa1 32. e3 Qa2 33. Rxf8+ Kxf8 34. Qb8+ Kg7 0-1

[Event "Czech Extraliga 2023-24"]
[Site "Czech Republic"]
[Date "2024.04.06"]
[Round "10.2"]
[White "Kempinski, Robert"]
[Black "Mihok, Oliver"]
[Result "1-0"]
[ECO "E67"]
[WhiteElo "2547"]
[BlackElo "2544"]
[Annotator "TA"]
[PlyCount "101"]
[EventDate "2023.10.14"]
[EventCountry "CZE"]
[SourceTitle "playchess.com"]
[Source "ChessBase"]
[SourceQuality "1"]
[TimeControl "40/5400+30:1800+30"]

1. d4 Nf6 2. Nf3 g6 3. c4 Bg7 4. g3 O-O 5. Bg2 d6 6. O-O Nbd7 7. Nc3 e5 8. Qc2 exd4 9. Nxd4 Re8 10. b3 a5 {[%emt 0:02:22] E67: King's Indian: Fianchetto: 6...Nbd7.} 11. Ba3 Nc5 12. Rad1 {[%emt 0:02:14] Hoping for Bxc5.} Bd7 $146 ({Predecessor:} 12... Nfd7 13. Ndb5 Ne6 14. Rd2 Ndc5 15. e4 Na6 16. Bb2 Nec5 17. Qd1 f5 18. Re1 fxe4 19. Nxe4 Bxb2 20. Rxb2 Bf5 21. Nxc5 Rxe1+ 22. Qxe1 Nxc5 23. Bd5+ Kh8 24. Qc3+ {1-0 Krysa,L (2516)-Guerra Rivera,S (2344) Barcelona Sants op 21st 2019 (3)}) 13. Ndb5 {[%emt 0:07:21] Threatens to win with Bxc5.} Qb8 14. Rfe1 Bf8 {[%emt 0:05:28] [#]} (14... a4 $14) 15. Bxc5 $1 $18 dxc5 16. Ne4 Rxe4 17. Bxe4 c6 18. Nc3 Qe5 19. Bg2 Re8 20. Ne4 Nxe4 21. Qxe4 (21. Rxd7 $6 Qf5 22. Bxe4 Qxd7 $11) 21... Qh5 (21... Qc7 $16 22. Qh4 Bc8) 22. Qf4 $18 Bf5 23. Bf3 Qh3 24. Qc7 g5 (24... Bc8 $142 25. Rd8 (25. Qxa5 Be7 $18) 25... Rxd8) 25. Rd8 ({But not} 25. Qxa5 Be7 26. Qc7 Bc8 $18) 25... Rxd8 26. Qxd8 Qh6 27. Qxa5 Qf6 (27... g4 $142 28. Bg2 Qd6) 28. Rd1 $18 Kg7 29. Qd8 {[%emt 0:03:17] Wards off Bd6} Be7 30. Qc7 Qe6 31. e4 Bh3 32. Qxb7 Qf6 33. Bg2 Bg4 34. Rf1 Bd8 35. h3 Be2 36. Re1 Qb2 37. Qxc6 (37. Bf1 $142 Bxf1 38. Kxf1 (38. Rxf1 Qxa2 39. Qxc6 Qxb3 $18)) 37... Qd2 $18 38. Rxe2 Qxe2 39. Qxc5 Qxa2 $2 (39... Qe1+ 40. Kh2 h5) 40. Qd4+ $18 Bf6 41. e5 Be7 42. e6+ f6 43. Qd7 Qa3 44. Qe8 Kh6 45. Bf3 {[%emt 0:05:02] Qh5+ would now be deadly.} Qb4 46. Kg2 {[%emt 0:02:15] Intending Qh5+ and mate.} f5 47. Qh5+ Kg7 48. Qf7+ Kh6 49. Qxf5 {[%emt 0:00:24] White wants to mate with Be4.} Qc3 50. Be4 Qg7 51. c5 1-0